 Dungeon Crawl Stone Soup version 0.18-a0-1628-g61c6396 (webtiles) character file.

861 kurovuster the Cudgeler (level 7, 0/64 HPs)
             Began as a Minotaur Berserker on Mar 26, 2016.
             Was a Priest of Trog.
             Slain by an iguana (6 damage)
             ... on level 6 of the Dungeon.
             The game lasted 00:36:56 (2266 turns).

kurovuster the Cudgeler (Minotaur Berserker)        Turns: 2266, Time: 00:36:57

Health: 0/64       AC: 11    Str: 24    XL:     7   Next: 71%
Magic:  6/6        EV:  9    Int:  4    God:    Trog [***...]
Gold:   168        SH:  0    Dex:  9    Spells: 0 memorised, 6 levels left

rFire  . . .     SeeInvis .     i - +0 falchion
rCold  . . .     Gourm    .     o - +0 chain mail
rNeg   . . .     Faith    .     (no shield)
rPois  .         Spirit   .     (helmet restricted)
rElec  .         Dismiss  .     k - +0 cloak
rCorr  .         Reflect  .     (no gloves)
SustAt .         Harm     .     (no boots)
MR     .....                    (no amulet)
Stlth  ..........               (no ring)
                                g - ring of stealth

@: not resistant to hostile enchantments, extremely unstealthy
A: retaliatory headbutt, horns 2
a: Berserk, Trog's Hand, Burn Spellbooks, Renounce Religion


You were on level 6 of the Dungeon.
You worshipped Trog.
Trog was most pleased with you.
You were not hungry.

You visited 1 branch of the dungeon, and saw 6 of its levels.

You collected 168 gold pieces.

Inventory:

Hand Weapons
 a - a +1 mace
 e - a +0 club
 i - a +0 falchion (weapon)
 l - a +0 dagger
 n - a +0 short sword
Missiles
 m - 49 stones
 p - 5 tomahawks (quivered)
Armour
 b - a +0 animal skin
 k - a +0 cloak (worn)
 o - a +0 chain mail (worn)
 x - a +0 ring mail
 y - a +0 scale mail
Jewellery
 g - a ring of stealth (left hand)
 r - an uncursed amulet of regeneration {unknown}
Scrolls
 h - a scroll of enchant weapon
 j - 3 scrolls of remove curse {unknown}
 q - a scroll of fear {unknown}
 t - 3 scrolls of identify {unknown}
 v - 2 scrolls of teleportation
Potions
 d - 2 potions of haste {unknown}
 s - a potion of curing {unknown}
 u - a potion of cure mutation {unknown}
Comestibles
 c - 3 bread rations
 f - a slice of pizza
 z - a beef jerky


   Skills:
 + Level 6.3 Fighting
 + Level 6.9 Maces & Flails
 + Level 0.4 Throwing
 + Level 5.6 Armour
 + Level 4.3 Dodging
 + Level 1.0 Stealth


You had 6 spell levels left.
You didn't know any spells.

Dungeon Overview and Level Annotations

Branches:
Dungeon (6/15)
 Temple: D:4-7

Altars:
Dithmenos
Okawaru
Ru
Trog
Vehumet
Yredelemnul


Innate Abilities, Weirdness & Mutations

You reflexively headbutt those who attack you in melee.
You have a pair of horns on your head.


Message History

You hit the iguana but do no damage. Your headbutt misses the iguana.
The iguana bites you.
* * * LOW HITPOINT WARNING * * *
The iguana barely misses you.
You barely miss the iguana. Your headbutt misses the iguana.
The iguana bites you but does no damage.
Your chain mail prevents you from hitting the iguana.
The iguana barely misses you. The iguana bites you.
Keep disrobing?
* * * LOW HITPOINT WARNING * * *
You start removing your armour.
You continue taking off your +0 chain mail.
The iguana closely misses you.
You continue taking off your +0 chain mail.
The iguana bites you!
* * * LOW HITPOINT WARNING * * *
You continue taking off your +0 chain mail.
The iguana bites you.
You die...

..##.........## #..#
#.##..........###.##
..##..†.........#.#
.............##..[#
..#..........##..##
.###.........#...#
................####
#####.########.....##.>#
#.# ........@l..[.# #.#
.##.####....### ... #
###...... .>#### ...
##.. ###


You could see an iguana.

Vanquished Creatures
  An orc warrior (D:6)
  An ice beast (D:5)
  A sky beast (D:6)
  An ogre (D:5)
  A howler monkey (D:4)
  A centaur zombie (D:5)
  2 crimson imps
  A wasp zombie (D:5)
  A hound (D:4)
  Jessica (D:3)
  An iguana (D:5)
  2 orc wizards
  2 worker ants
  10 adders
  2 oozes (D:3)
  An adder skeleton (D:4)
  A worm (D:4)
  A giant gecko (D:1)
  7 orcs
  2 giant cockroaches
  4 goblins
  3 hobgoblins
  4 jackals
  A quokka (D:4)
  2 ball pythons
  5 bats
  3 kobolds
  3 rats
65 creatures vanquished.

Notes
Turn   | Place    | Note
--------------------------------------------------------------
     0 | D:1      | kurovuster the Minotaur Berserker began the quest for the Orb.
     0 | D:1      | Reached XP level 1. HP: 19/19 MP: 0/0
   281 | D:1      | Reached XP level 2. HP: 27/27 MP: 1/1
   664 | D:3      | Reached XP level 3. HP: 33/33 MP: 2/2
   669 | D:3      | Noticed Jessica
   680 | D:3      | Reached ** piety under Trog
   683 | D:3      | Killed Jessica
   688 | D:3      | Found a basalt altar of Yredelemnul.
   719 | D:3      | Reached XP level 4. HP: 34/41 MP: 3/3
   753 | D:3      | Reached skill level 5 in Maces & Flails
   822 | D:3      | Reached skill level 5 in Fighting
   911 | D:4      | Reached XP level 5. HP: 44/48 MP: 4/4
  1168 | D:3      | Found an iron altar of Okawaru.
  1168 | D:3      | Found a bloodstained altar of Trog.
  1247 | D:4      | Reached skill level 1 in Stealth
  1247 | D:4      | Reached XP level 6. HP: 27/56 MP: 5/5
  1258 | D:4      | Found a radiant altar of Vehumet.
  1321 | D:4      | Found a sacrificial altar of Ru.
  1403 | D:5      | Entered Level 5 of the Dungeon
  1442 | D:5      | Found a shadowy altar of Dithmenos.
  1661 | D:5      | Noticed an ice beast
  1676 | D:5      | Killed an ice beast
  1676 | D:5      | Reached XP level 7. HP: 39/63 MP: 6/6
  1789 | D:6      | Reached *** piety under Trog
  1797 | D:6      | Reached skill level 5 in Armour
  2266 | D:6      | Slain by an iguana

Vault maps used:
D:1:      lemuel_arrival_room, minmay_misc_feat_room
D:3:      gammafunk_temple_overflow_elements, fedhas_altar_1,
          yredelemnul_altar_generic, nicolae_overflow_crystal_walls,
          minmay_snake_closets, uniq_jessica
D:4:      tgw_xom, kennysheep_mini, nicolae_ru_the_path_less_chosen
D:5:      marbit_many_paths, serial_shops,
          nicolae_shop_temple_entry_statues_fountains, first_bread,
          portal_sewer_entry_d, nicolae_dithmenos_shadow_blocks
D:6:      cheibrodos_worm_habitat, minmay_temple_entry_purple_smoke,
          serial_shops, shop, kennysheep_cluttered_room, serial_bayou_pond_e

Skill      XL: |  1  2  3  4  5  6  7 |
---------------+----------------------+-----
Maces & Flails | 4 5 6 |  6.9
Fighting       | 4 5 6 |  6.3
Dodging        | 3 4 |  4.3
Stealth        | 1 |  1.0
Armour         | 4 5 |  5.6
Throwing       | |  0.4

Action                   |  1- 3 |  4- 6 |  7- 9 || total
-------------------------+-------+-------+-------++-------
Melee: Mace              |    55 |   112 |    27 ||   194
       Falchion          |       |       |    22 ||    22
Throw: Stone             |     3 |       |       ||     3
       Tomahawk          |       |       |     1 ||     1
Invok: Berserk           |       |       |     2 ||     2
  Use: Scroll            |       |     4 |       ||     4
  Eat: Bread ration      |       |     2 |       ||     2
